[Event "Titled Tuesday Blitz November 01 Early 2022"]
[White "Mesa Cruz, Juan Carlos"]
[Black "Medeiros Jr, Francisco De Assis"]
[WhiteFideId "6423400"]
[BlackFideId "2114267"]
[WhiteElo "2059"]
[BlackElo "2040"]
[Result "0-1"]
[Round "04"]
[TimeControl "180+1"]
[Date "2022.11.02"]
[WhiteClock "0:00:12"]
[BlackClock "0:00:51"]

1. e4 e5 2. Nf3 Nc6 3. Bc4 Nf6 4. d3 Bc5 5. c3 O-O 6. O-O h6 7. d4 Bb6 8. dxe5 Ng4 9. Bf4 Qe8 10. Qd5 Ne7 11. Qd2 Ng6 12. a4 N4xe5 13. Nxe5 Nxe5 14. Be2 a6 15. Na3 d6 16. Bxe5 dxe5 17. Nc4 Ba7 18. Qd5 Qe7 19. Kh1 Kh8 20. Qxe5 Qxe5 21. Nxe5 Re8 22. Nxf7+ Kg8 23. Bc4 Be6 24. Ne5 Bxc4 25. Nxc4 Rxe4 26. b3 Re2 27. f3 Rae8 28. Rad1 Rc2 29. Rc1 Ree2 30. Rxc2 Rxc2 31. Rd1 Rxc3 32. Rd8+ Kh7 33. h4 Rxb3 34. h5 Rb4 0-1


[Site "https://www.chess.com"]

[Event "Titled Tuesday Blitz November 01 Early 2022"]
[White "Migot, Tangi"]
[Black "Begunov, Konstantin"]
[WhiteFideId "662445"]
[BlackFideId "4118510"]
[WhiteElo "2589"]
[BlackElo "2225"]
[Result "1-0"]
[Round "04"]
[TimeControl "180+1"]
[Date "2022.11.02"]
[WhiteClock "0:00:25"]
[BlackClock "0:00:02"]

1. f4 d5 2. Nf3 g6 3. e3 Bg7 4. Be2 Nf6 5. O-O c5 6. c3 O-O 7. d4 cxd4 8. exd4 Ne4 9. Be3 Nd7 10. Nbd2 Ndf6 11. Nxe4 Nxe4 12. Nd2 Bf5 13. g4 Nxd2 14. Qxd2 Be4 15. f5 a6 16. Bf3 Bxf3 17. Rxf3 b5 18. Bh6 Qd6 19. Raf1 gxf5 20. Bxg7 Kxg7 21. Rxf5 f6 22. Rh5 Kh8 23. Qg2 Rg8 24. Rxd5 Qe6 25. h3 Rab8 26. a3 a5 27. Qf3 b4 28. Rxa5 bxc3 29. bxc3 Rb2 30. Rf5 Qb3 31. d5 Qxa3 32. Rf2 Qa1+ 33. Kg2 Rb1 34. d6 exd6 35. Rxf6 Rg1+ 36. Kh2 Rc1 37. Rf8 Qxc3 38. Rxg8+ Kxg8 39. Qf8# 1-0


[Site "https://www.chess.com"]

[Event "Titled Tuesday Blitz November 01 Early 2022"]
[White "Mihajlov, Sebastian"]
[Black "Bryakin, Mikhail"]
[WhiteFideId "1512110"]
[BlackFideId "4165314"]
[WhiteElo "2464"]
[BlackElo "2367"]
[Result "0-1"]
[Round "04"]
[TimeControl "180+1"]
[Date "2022.11.02"]
[WhiteClock "0:00:17"]
[BlackClock "0:00:21"]

1. d4 f5 2. e4 fxe4 3. Nc3 Nf6 4. Bg5 Nc6 5. d5 Ne5 6. Qe2 d6 7. O-O-O Bf5 8. Bxf6 exf6 9. Nxe4 Qd7 10. f4 Qa4 11. fxe5 Qxe4 12. Qxe4 Bxe4 13. Re1 Bxd5 14. exf6+ Kf7 15. fxg7 Bxg7 16. Nf3 Rae8 17. Bd3 Bxf3 18. gxf3 Bh6+ 19. Kd1 Bf4 20. h3 h6 21. Rhg1 Rxe1+ 22. Kxe1 Re8+ 23. Kf1 Re5 24. Rg4 Bc1 25. b3 d5 26. f4 Re6 27. f5 Rd6 28. Ke2 Bg5 29. h4 Bf6 30. h5 Bg5 31. Rg1 Kf6 32. Kf3 c5 33. Re1 a6 34. a4 b5 35. axb5 axb5 36. Bxb5 Kxf5 37. Be8 Kf6 38. Bg6 c4 39. bxc4 dxc4 40. Re4 c3 41. Rc4 Bd2 42. Rc5 Rd4 43. Rf5+ Ke6 44. Ra5 Kd6 45. Ra6+ Kc5 46. Ke2 Rh4 47. Re6 Kd4 48. Rd6+ Kc4 49. Rc6+ Kb4 50. Rb6+ Ka3 51. Rb3+ Ka2 52. Bf7 Ka1 53. Kd3 Rh3+ 54. Kc4 Rh4+ 55. Kd3 Rf4 56. Bg6 Rf6 57. Kc4 Rd6 58. Kb4 Rb6+ 59. Ka4 Rf6 60. Kb4 Ka2 61. Ka4 Ra6+ 62. Kb5 Ra8 63. Bf7 Ka1 64. Kb4 Rf8 65. Bg6 Ka2 66. Kc4 Rf3 67. Rb8 Ka1 68. Kb3 Kb1 69. Ka3+ Kc1 70. Kb3 Rf6 71. Ra8 Rb6+ 72. Kc4 Kb2 0-1


[Site "https://www.chess.com"]

[Event "Titled Tuesday Blitz November 01 Early 2022"]
[White "Milosevic, Milos"]
[Black "Manon-og, Ramon Jr."]
[WhiteFideId "964875"]
[BlackFideId "5200776"]
[WhiteElo "2321"]
[BlackElo "2265"]
[Result "1-0"]
[Round "04"]
[TimeControl "180+1"]
[Date "2022.11.02"]
[WhiteClock "0:00:15"]
[BlackClock "0:00:14"]

1. d4 Nf6 2. c4 g6 3. Nc3 d5 4. cxd5 Nxd5 5. e4 Nxc3 6. bxc3 Bg7 7. Be3 c5 8. Qd2 O-O 9. Rc1 Nc6 10. d5 Ne5 11. Be2 b6 12. f4 Ng4 13. Bxg4 Bxg4 14. f5 gxf5 15. h3 f4 16. hxg4 fxe3 17. Qxe3 e6 18. c4 exd5 19. cxd5 Qd6 20. Nf3 Qg3+ 21. Kd2 Qxg2+ 22. Qe2 Qxg4 23. Rcg1 Qf4+ 24. Kc2 Rae8 25. Nd2 f5 26. Qh5 h6 27. Qg6 Qe5 28. Rxh6 Re7 29. Rgh1 Qb2+ 30. Kd1 Qa1+ 31. Ke2 Qxh1 32. Rxh1 fxe4 33. Nxe4 Rfe8 34. Rh4 1-0


[Site "https://www.chess.com"]

[Event "Titled Tuesday Blitz November 01 Early 2022"]
[White "Mitrovic, Darko R"]
[Black "Malyi, Viacheslav"]
[WhiteFideId "927023"]
[BlackFideId "14123983"]
[WhiteElo "2150"]
[BlackElo "2291"]
[Result "1/2-1/2"]
[Round "04"]
[TimeControl "180+1"]
[Date "2022.11.02"]
[WhiteClock "0:00:16"]
[BlackClock "0:00:18"]

1. d4 d5 2. c4 c6 3. Nf3 Nf6 4. e3 Bg4 5. Nbd2 e6 6. Be2 Nbd7 7. O-O Bd6 8. h3 Bh5 9. Qc2 Bg6 10. Bd3 O-O 11. e4 dxe4 12. Nxe4 Nxe4 13. Bxe4 Qc7 14. Bxg6 hxg6 15. Be3 e5 16. dxe5 Nxe5 17. Nxe5 Bxe5 18. Rad1 Rfd8 19. b3 Bh2+ 20. Kh1 Bf4 21. Qe4 Bxe3 22. Qxe3 Re8 23. Qf3 Re7 24. Rfe1 Rae8 25. Rxe7 Qxe7 26. g3 Qe2 27. Qxe2 Rxe2 28. Kg2 Kf8 29. Rd7 Re7 30. Rd8+ Re8 31. Rd7 Re7 32. Rd8+ Re8 33. Rxe8+ Kxe8 34. Kf3 Ke7 35. Ke4 Kd6 36. b4 a5 37. a3 axb4 38. axb4 b6 39. h4 Ke6 40. f3 Kd6 41. Kd4 Ke6 42. Ke4 Kd6 43. g4 Ke6 44. f4 f5+ 45. gxf5+ gxf5+ 46. Kd4 Kd6 47. c5+ bxc5+ 48. bxc5+ Ke6 49. Kc4 Kf6 50. Kb4 Ke6 51. Kc4 Kf6 52. Kd4 Ke6 53. Kc4 1/2-1/2


[Site "https://www.chess.com"]

[Event "Titled Tuesday Blitz November 01 Early 2022"]
[White "Mladenovic, Stefan"]
[Black "Faizrakhmanov, Ramil"]
[WhiteFideId "942227"]
[BlackFideId "24103209"]
[WhiteElo "2337"]
[BlackElo "2421"]
[Result "0-1"]
[Round "04"]
[TimeControl "180+1"]
[Date "2022.11.01"]
[WhiteClock "0:00:06"]
[BlackClock "0:00:08"]

1. d4 Nf6 2. Nf3 d5 3. Bf4 c5 4. e3 Nc6 5. Nbd2 cxd4 6. exd4 Bg4 7. c3 e6 8. Qb3 Bd6 9. Qxb7 Bxf4 10. Qxc6+ Kf8 11. Bd3 g5 12. h3 Bxf3 13. Nxf3 h5 14. Ne5 Rc8 15. Qa4 Qc7 16. O-O Bxe5 17. dxe5 Qxe5 18. Qxa7 Kg7 19. Qd4 Qxd4 20. cxd4 Rb8 21. b3 Rb4 22. Rfb1 Rxd4 23. Bf1 Ra8 24. b4 Ne4 25. b5 Rda4 26. b6 Rb8 27. Bb5 Ra5 28. Bd3 Nc3 29. Rb3 Rxa2 30. Rxa2 Nxa2 31. Ba6 d4 32. b7 Nc3 33. Rb4 Nd5 34. Rc4 Nb6 35. Rc6 Nd7 36. Rc7 Nb6 37. Rc8 Nd7 38. Kf1 Kf6 39. Ke2 Ke7 40. Kd3 e5 41. Ke4 h4 42. f3 f6 43. Kd3 Kd6 44. Ke4 Nc5+ 45. Kf5 Nxa6 46. Kxf6 Rxb7 47. Rd8+ Rd7 48. Ra8 Nc5 49. Ra1 d3 50. Kxg5 Rg7+ 51. Kxh4 Rxg2 52. Rd1 d2 53. Kh5 Nd3 54. h4 Nb2 55. Rb1 d1=Q 56. Rxd1+ Nxd1 57. Kh6 Ke6 58. h5 Kf7 59. Kh7 Rh2 60. h6 Rh1 61. f4 exf4 62. Kh8 Rxh6# 0-1


[Site "https://www.chess.com"]

[Event "Titled Tuesday Blitz November 01 Early 2022"]
[White "Myshakov, Fyodor"]
[Black "Al Hosani, Omran"]
[WhiteFideId "14111284"]
[BlackFideId "9308733"]
[WhiteElo "2310"]
[BlackElo "2167"]
[Result "1-0"]
[Round "04"]
[TimeControl "180+1"]
[Date "2022.11.02"]
[WhiteClock "0:01:01"]
[BlackClock "0:00:04"]

1. c4 e5 2. Nc3 Nf6 3. Nf3 Nc6 4. g3 d5 5. cxd5 Nxd5 6. Nxd5 Qxd5 7. d3 Be6 8. Bg2 Qd7 9. O-O Bh3 10. Bd2 O-O-O 11. Bc3 Bxg2 12. Kxg2 f6 13. Qa4 Kb8 14. b4 h5 15. h4 g5 16. b5 Nd4 17. Bxd4 exd4 18. Rac1 Bd6 19. Qxd4 Qxb5 20. Rb1 Qa6 21. Qc4 Qxc4 22. dxc4 g4 23. Ne1 Rhe8 24. Rb2 Ba3 25. Rc2 Re4 26. Nd3 Rde8 27. Nf4 Bd6 28. Nxh5 Rxe2 29. Rxe2 Rxe2 30. Nxf6 Rxa2 31. h5 Kc8 32. Re1 b5 33. Re8+ Kb7 34. cxb5 Bc5 35. Nxg4 Ra4 36. Rg8 Rb4 37. h6 Rxb5 38. f4 Bd4 39. Rg5 Rb2+ 40. Kf3 c5 41. Ke4 a5 42. Rh5 a4 43. Ne5 a3 44. h7 a2 45. h8=Q Re2+ 46. Kd5 a1=Q 47. Rh7+ Ka6 48. Qa8+ Kb5 49. Rb7# 1-0


[Site "https://www.chess.com"]

[Event "Titled Tuesday Blitz November 01 Early 2022"]
[White "Najdin, Danil"]
[Black "Kosteniuk, Alexandra"]
[WhiteFideId "4172426"]
[BlackFideId "4128125"]
[WhiteElo "2240"]
[BlackElo "2469"]
[Result "0-1"]
[Round "04"]
[TimeControl "180+1"]
[Date "2022.11.02"]
[WhiteClock "0:00:01"]
[BlackClock "0:00:11"]

1. e4 c6 2. d4 d5 3. exd5 cxd5 4. Bd3 Nc6 5. c3 Nf6 6. Bf4 Bg4 7. Qb3 Qd7 8. Nd2 e6 9. Ngf3 Bxf3 10. Nxf3 Bd6 11. Bd2 O-O 12. O-O Rab8 13. a4 Rfe8 14. Rfe1 Qc7 15. Qd1 a6 16. Qe2 e5 17. dxe5 Nxe5 18. Nxe5 Bxe5 19. Qf3 Bxh2+ 20. Kh1 Be5 21. Bg5 Qd6 22. Rad1 h6 23. Bxf6 Bxf6 24. Rxe8+ Rxe8 25. Bc4 Re5 26. Bxd5 Qd7 27. a5 Qc7 28. b4 Re7 29. c4 b6 30. b5 bxa5 31. bxa6 Qb6 32. Bb7 Be5 33. Kg1 a4 34. Qc6 Qxc6 35. Bxc6 a3 36. Bb7 Bb8 37. Ra1 Re2 38. Kf1 Rc2 39. Rxa3 Ba7 40. Ke1 Rxc4 41. Ke2 Rc2+ 42. Kd3 Rxf2 43. Kc4 Rf5 44. Rc3 g6 45. Kd3 Kg7 0-1


[Site "https://www.chess.com"]

[Event "Titled Tuesday Blitz November 01 Early 2022"]
[White "Namitbir Singh Walia"]
[Black "Smietanska, Wiktoria"]
[WhiteFideId "35071068"]
[BlackFideId "21869359"]
[WhiteElo "2239"]
[BlackElo "1854"]
[Result "0-1"]
[Round "04"]
[TimeControl "180+1"]
[Date "2022.11.02"]
[WhiteClock "0:00:04"]
[BlackClock "0:00:05"]

1. d4 Nf6 2. c4 g6 3. Nf3 Bg7 4. g3 O-O 5. Bg2 c6 6. Nc3 d5 7. cxd5 cxd5 8. Ne5 Nbd7 9. O-O e6 10. Nd3 b6 11. Qa4 Bb7 12. Bf4 Ne4 13. Rfc1 a6 14. Nxe4 dxe4 15. Rc7 b5 16. Qa3 Bd5 17. Qd6 Nf6 18. Qxd8 Rfxd8 19. Nb4 Ne8 20. Nxd5 exd5 21. Rc6 Bxd4 22. Rb1 Ng7 23. b3 Ne6 24. Bd2 Bg7 25. Rbc1 Nd4 26. Bg5 f6 27. Bxf6 Bxf6 28. Rxf6 Nxe2+ 0-1


[Site "https://www.chess.com"]

[Event "Titled Tuesday Blitz November 01 Early 2022"]
[White "Nurmanova, Alua"]
[Black "Zilleruelo Irizarry, Diego"]
[WhiteFideId "13729390"]
[BlackFideId "3101460"]
[WhiteElo "2088"]
[BlackElo "1998"]
[Result "0-1"]
[Round "04"]
[TimeControl "180+1"]
[Date "2022.11.02"]
[WhiteClock "0:00:17"]
[BlackClock "0:00:10"]

1. e4 c6 2. d4 d5 3. e5 c5 4. dxc5 e6 5. a3 Bxc5 6. Qg4 Ne7 7. Bd3 g6 8. Nf3 h5 9. Qf4 Nf5 10. b4 Be7 11. Bxf5 gxf5 12. O-O Nd7 13. Bb2 Nf8 14. Nbd2 Ng6 15. Qd4 Bd7 16. c4 dxc4 17. Nxc4 Bb5 18. Rfc1 Qxd4 19. Bxd4 Bc6 20. Ne1 Rg8 21. f3 h4 22. Kf2 Nf4 23. Rab1 Rd8 24. Bxa7 Nd3+ 25. Nxd3 Rxd3 26. Rd1 Rc3 27. Rbc1 Rb3 28. Rc2 h3 29. Na5 Rxg2+ 30. Ke1 Rxa3 31. Rxg2 hxg2 32. Bf2 Bxf3 33. Rc1 Bxb4+ 0-1


[Site "https://www.chess.com"]

[Event "Titled Tuesday Blitz November 01 Early 2022"]
[White "Ohanyan, Emin"]
[Black "Aydin, Gulenay"]
[WhiteFideId "13312022"]
[BlackFideId "34557431"]
[WhiteElo "2302"]
[BlackElo "2009"]
[Result "1-0"]
[Round "04"]
[TimeControl "180+1"]
[Date "2022.11.02"]
[WhiteClock "0:01:48"]
[BlackClock "0:00:10"]

1. e4 c5 2. Nf3 d6 3. d4 cxd4 4. Nxd4 Nf6 5. Nc3 g6 6. Be3 Bg7 7. f3 a6 8. Qd2 h5 9. O-O-O b5 10. Kb1 Nbd7 11. Nd5 Bb7 12. Nb3 Rc8 13. Bd4 Kf8 14. g3 Nxd5 15. exd5 Ne5 16. Be2 f6 17. Rhe1 Bxd5 18. Bxe5 Bxb3 19. axb3 fxe5 20. Bd3 Bh6 21. f4 Kg7 22. Qe2 Qc7 23. Qe4 Kf8 24. Qxg6 1-0


[Site "https://www.chess.com"]

[Event "Titled Tuesday Blitz November 01 Early 2022"]
[White "Omariev, Maksim"]
[Black "Odegov, Artem"]
[WhiteFideId "4193423"]
[BlackFideId "34183644"]
[WhiteElo "2411"]
[BlackElo "2298"]
[Result "1/2-1/2"]
[Round "04"]
[TimeControl "180+1"]
[Date "2022.11.02"]
[WhiteClock "0:00:04"]
[BlackClock "0:00:07"]

1. e4 e6 2. d4 d5 3. Nc3 Bb4 4. exd5 exd5 5. Bd3 Nc6 6. a3 Be7 7. Nge2 Nf6 8. h3 O-O 9. Bf4 Be6 10. Qd2 Qd7 11. O-O Rae8 12. Rae1 Bd8 13. g4 Bxg4 14. hxg4 Qxg4+ 15. Bg3 Nh5 16. Nxd5 Bg5 17. Qd1 Qd7 18. c4 Qh3 19. Nef4 Bxf4 20. Nxf4 Nxf4 21. Bxf4 Nxd4 22. Bxh7+ Kxh7 23. Qxd4 Qg4+ 24. Kh2 Qh4+ 25. Kg2 Qg4+ 26. Kh2 Qh4+ 27. Kg1 Qg4+ 28. Kh1 Qh4+ 29. Kg2 Qg4+ 30. Kh2 1/2-1/2


[Site "https://www.chess.com"]

[Event "Titled Tuesday Blitz November 01 Early 2022"]
[White "Oparin, Grigoriy"]
[Black "Boruchovsky, Avital"]
[WhiteFideId "24125890"]
[BlackFideId "2800055"]
[WhiteElo "2639"]
[BlackElo "2466"]
[Result "1-0"]
[Round "04"]
[TimeControl "180+1"]
[Date "2022.11.01"]
[WhiteClock "0:00:47"]
[BlackClock "0:00:06"]

1. d4 Nf6 2. Nf3 e6 3. c4 d5 4. g3 Bb4+ 5. Nbd2 O-O 6. Bg2 dxc4 7. Qc2 a5 8. a3 Be7 9. Nxc4 Nc6 10. e3 Nd5 11. O-O f5 12. Bd2 Bd7 13. Nce5 Nxe5 14. Nxe5 Be8 15. f3 Rc8 16. e4 Nb6 17. Be3 Bf6 18. Rad1 Qe7 19. Nd3 fxe4 20. fxe4 Ba4 21. b3 Bb5 22. a4 Bxd3 23. Qxd3 e5 24. d5 Nd7 25. Bh3 Rcd8 26. Qb5 b6 27. Rc1 Bg5 28. Bxg5 Qxg5 29. Be6+ Kh8 30. Bxd7 Qe3+ 31. Kg2 Qxe4+ 32. Kh3 Qe3 33. Rcd1 Rf3 34. Bg4 Qh6+ 35. Kg2 Rc3 36. Rf2 e4 37. Qd7 Qg5 38. Rdf1 h6 39. Qxd8+ Qxd8 40. Rf8+ Qxf8 41. Rxf8+ Kh7 42. Bf5+ g6 43. Bxe4 Rxb3 44. Rf7+ Kg8 45. Rxc7 Rb4 46. Bxg6 Rxa4 47. d6 Rd4 48. d7 Kf8 49. Bf5 Ke7 50. Rc8 Kf6 51. d8=Q+ Rxd8 52. Rxd8 Kxf5 53. Rb8 1-0


[Site "https://www.chess.com"]

[Event "Titled Tuesday Blitz November 01 Early 2022"]
[White "Orlov, Georgi"]
[Black "Gabrielian, Artur"]
[WhiteFideId "2011271"]
[BlackFideId "4131002"]
[WhiteElo "2570"]
[BlackElo "2432"]
[Result "1/2-1/2"]
[Round "04"]
[TimeControl "180+1"]
[Date "2022.11.02"]
[WhiteClock "0:00:09"]
[BlackClock "0:00:10"]

1. e4 c5 2. Nf3 d6 3. d4 cxd4 4. Nxd4 Nf6 5. Nc3 Nc6 6. Bg5 e6 7. Qd2 a6 8. O-O-O Bd7 9. f3 Nxd4 10. Qxd4 h6 11. Bh4 Bc6 12. Kb1 Be7 13. Bg3 e5 14. Qc4 Qa5 15. Qb3 b5 16. Nd5 Bxd5 17. exd5 Nd7 18. c3 Nc5 19. Qb4 Qc7 20. f4 e4 21. f5 O-O 22. Qd4 Bf6 23. Qe3 Na4 24. Rc1 Rab8 25. Be2 Qe7 26. Bf4 b4 27. cxb4 Rxb4 28. b3 Nc5 29. Rc4 Rxc4 30. Bxc4 a5 31. a4 Rb8 32. Bb5 Be5 33. Rc1 Bxf4 34. Qxf4 e3 35. Re1 Qf6 36. Rxe3 Kh7 37. g3 Rb7 38. h4 Re7 39. Kc2 Rxe3 40. Qxe3 Qa1 41. Qc3 Qa2+ 42. Qb2 Qxb2+ 43. Kxb2 g6 44. fxg6+ Kxg6 45. Be2 Kf5 46. Bf3 Ke5 47. g4 Kf4 48. g5 hxg5 49. h5 Kf5 50. Bg4+ Kf6 51. Kc3 Kg7 52. Kc4 Kh6 53. b4 axb4 54. Kxb4 f5 55. Bxf5 Kxh5 56. a5 g4 57. Kb5 g3 58. Bh3 Kh4 59. Bg2 Kg4 60. a6 Nxa6 61. Kxa6 Kf4 62. Kb6 Ke3 63. Kc6 Kf2 64. Bh3 Kg1 65. Kxd6 Kh2 66. Bf1 Kg1 67. Bh3 Kh2 68. Bf1 Kg1 69. Bh3 1/2-1/2


[Site "https://www.chess.com"]

[Event "Titled Tuesday Blitz November 01 Early 2022"]
[White "Orozbaev, Eldiar"]
[Black "Jaskolka, Tomasz"]
[WhiteFideId "13802240"]
[BlackFideId "1170791"]
[WhiteElo "2244"]
[BlackElo "2126"]
[Result "1-0"]
[Round "04"]
[TimeControl "180+1"]
[Date "2022.11.02"]
[WhiteClock "0:02:21"]
[BlackClock "0:01:07"]

1. e4 c5 2. c3 Nf6 3. e5 Nd5 4. d4 cxd4 5. cxd4 e6 6. Nf3 d6 7. Nc3 Nxc3 8. bxc3 Qc7 9. Bd2 Nd7 10. Bd3 b6 11. O-O Bb7 12. Re1 Be7 13. Be4 Bxe4 14. Rxe4 d5 15. Rg4 g6 16. Rc1 b5 17. Bg5 Nb6 18. Rf4 Rc8 19. h4 h6 20. Bf6 Bxf6 21. Rxf6 b4 22. Nd2 bxc3 23. Nb3 O-O 24. Nc5 Kg7 25. Rxc3 Qe7 26. Rg3 Nd7 27. Nxe6+ Kh8 28. Qd2 Nxf6 29. Qxh6+ Nh7 30. Qg7# 1-0


[Site "https://www.chess.com"]

[Event "Titled Tuesday Blitz November 01 Early 2022"]
[White "Ozdemir, Serhan Berat"]
[Black "Hoffmann, Asa"]
[WhiteFideId "6374611"]
[BlackFideId "2001470"]
[WhiteElo "2016"]
[BlackElo "2117"]
[Result "1-0"]
[Round "04"]
[TimeControl "180+1"]
[Date "2022.11.02"]
[WhiteClock "0:00:12"]
[BlackClock "0:00:13"]

1. e4 d6 2. d4 Nf6 3. Nc3 c6 4. Nf3 Bg4 5. Be2 e6 6. Be3 d5 7. e5 Nfd7 8. Ng5 Bf5 9. g4 Bg6 10. Bd3 Be7 11. h4 O-O 12. Ne2 c5 13. c3 cxd4 14. cxd4 Nc6 15. a3 Rc8 16. Nf4 Bxd3 17. Qxd3 g6 18. Nf3 Qb6 19. Rb1 Qa6 20. Qd1 Na5 21. h5 Nc4 22. hxg6 fxg6 23. O-O Rf7 24. Qd3 Rcf8 25. b3 Nxe3 26. Qxa6 bxa6 27. fxe3 g5 28. Nxe6 Rxf3 29. Nxf8 Rxf1+ 30. Kxf1 Bxf8 31. b4 Nb6 32. Ke2 Kf7 33. Rf1+ Ke7 34. Rf6 Bg7 35. Rc6 h6 36. Rg6 Bf8 37. Rf6 Ke8 38. Kd3 Bg7 39. Re6+ Kf7 40. Rc6 Bf8 41. Rc7+ Be7 42. Rxa7 Nc4 43. Rxa6 h5 44. gxh5 g4 45. Rg6 Nxa3 46. b5 Nxb5 47. Rxg4 Nc7 48. h6 Bf8 49. Rf4+ Kg8 50. h7+ Kxh7 51. Rxf8 Ne6 52. Re8 Ng7 53. Rd8 Kg6 54. Rxd5 Nf5 55. Rd6+ Kg7 56. Ke4 Nxd6+ 57. exd6 Kf7 58. Kd5 Ke8 59. Kc6 Kd8 60. e4 Kc8 61. e5 Kd8 62. d5 Ke8 63. e6 Kd8 64. d7 Ke7 65. Kc7 Kf6 66. d8=Q+ 1-0


[Site "https://www.chess.com"]

[Event "Titled Tuesday Blitz November 01 Early 2022"]
[White "Pakleza, Zbigniew"]
[Black "Amgalantengis, Enkh-Amgalan"]
[WhiteFideId "1119290"]
[BlackFideId "4903536"]
[WhiteElo "2411"]
[BlackElo "1772"]
[Result "1/2-1/2"]
[Round "04"]
[TimeControl "180+1"]
[Date "2022.11.02"]
[WhiteClock "0:00:07"]
[BlackClock "0:00:12"]

1. d4 Nf6 2. Nf3 e6 3. Bf4 d5 4. e3 Bd6 5. Bg3 O-O 6. Nbd2 c5 7. c3 Qc7 8. Be2 Nbd7 9. c4 b6 10. Rc1 Re8 11. O-O Bxg3 12. hxg3 Bb7 13. cxd5 exd5 14. dxc5 bxc5 15. Qa4 Bc6 16. Qa3 Qb6 17. Nb3 d4 18. e4 Nxe4 19. Rfe1 Rac8 20. Ba6 Bb7 21. Bxb7 Qxb7 22. Na5 Qd5 23. Nc4 Ra8 24. Qd3 h6 25. Re2 Nd6 26. Rec2 Nxc4 27. Rxc4 Rad8 28. b4 Rc8 29. bxc5 Rxc5 30. Qxd4 Qxd4 31. Nxd4 Rd5 32. Nc6 Re2 33. a4 Rdd2 34. Rf4 a6 35. Rf1 Ra2 36. Rd4 Nc5 37. a5 Nb3 38. Rd8+ Kh7 39. Rd7 Nxa5 40. Nxa5 Rxa5 41. Rxf7 Rae5 42. Rc1 Re1+ 43. Rxe1 Rxe1+ 44. Kh2 Ra1 45. Ra7 Ra2 46. f4 h5 47. Kh3 Ra1 48. Kh4 Kh6 49. g4 hxg4 50. Kxg4 Ra5 51. g3 g6 52. Ra8 Ra3 53. Ra7 a5 54. Kh4 a4 55. g4 g5+ 56. fxg5+ Kg6 57. Ra6+ Kg7 58. Ra7+ Kg6 59. Ra6+ Kg7 60. g6 Rb3 61. Kh5 Rb5+ 62. g5 Rb1 63. Ra7+ Kg8 64. Rxa4 Rh1+ 65. Kg4 Rg1+ 66. Kf5 Rf1+ 67. Rf4 Rb1 68. Kg4 Kg7 69. Kh5 Rh1+ 70. Rh4 Rg1 71. Rh3 Rg2 72. Rc3 Rh2+ 73. Kg4 Kxg6 74. Rc6+ Kg7 75. Rc7+ Kg6 76. Rc6+ Kg7 77. Kg3 Rh1 78. Kg4 Rg1+ 79. Kf5 Rf1+ 80. Kg4 Rg1+ 81. Kh5 Rh1+ 82. Kg4 Rg1+ 1/2-1/2


[Site "https://www.chess.com"]

[Event "Titled Tuesday Blitz November 01 Early 2022"]
[White "Parligras, Mircea-Emilian"]
[Black "Khalakhan, Jurij"]
[WhiteFideId "1204297"]
[BlackFideId "14142368"]
[WhiteElo "2507"]
[BlackElo "2208"]
[Result "1-0"]
[Round "04"]
[TimeControl "180+1"]
[Date "2022.11.02"]
[WhiteClock "0:00:28"]
[BlackClock "0:01:10"]

1. d4 d5 2. c4 c6 3. Nc3 Nf6 4. e3 Bf5 5. Qb3 Bc8 6. Nf3 e6 7. Qc2 Be7 8. b3 Nbd7 9. Bb2 a6 10. Bd3 b5 11. O-O bxc4 12. bxc4 O-O 13. e4 dxe4 14. Nxe4 h6 15. Rfe1 a5 16. Rad1 Ba6 17. Ne5 Qc7 18. Re3 Kh8 19. Rh3 Nxe4 20. Bxe4 Nxe5 21. dxe5 Rad8 22. Bd3 Bc5 23. Qe2 Bd4 24. Qe4 g6 25. Bxd4 c5 26. Rxh6+ Kg7 27. Be3 Bb7 28. Qf4 Qe7 29. Rh3 Rh8 30. Rxh8 Rxh8 31. Bf1 Rh4 32. Qf6+ Qxf6 33. exf6+ Kxf6 34. Bxc5 Ba6 35. Rd4 Rh5 36. Bd6 Rf5 37. c5 Bb7 38. Rf4 Bc6 39. Rxf5+ Kxf5 40. Bd3+ Kf6 41. f4 g5 42. g3 gxf4 43. gxf4 Kg7 44. Kf2 f6 45. h4 Kf7 46. h5 f5 47. Be5 Kg8 48. Ke3 Kh7 49. Be2 Kh6 50. Bf3 Bd7 51. c6 Bc8 52. c7 a4 53. Kd4 a3 54. Kc5 1-0


[Site "https://www.chess.com"]

[Event "Titled Tuesday Blitz November 01 Early 2022"]
[White "Parpiev, Isaak"]
[Black "Zhigalko, Sergei"]
[WhiteFideId "34281576"]
[BlackFideId "13502956"]
[WhiteElo "2100"]
[BlackElo "2662"]
[Result "1-0"]
[Round "04"]
[TimeControl "180+1"]
[Date "2022.11.01"]
[WhiteClock "0:00:07"]
[BlackClock "0:00:02"]

1. e4 c5 2. Nf3 Nc6 3. d4 cxd4 4. Nxd4 Nf6 5. Nc3 e5 6. Ndb5 d6 7. Nd5 Nxd5 8. exd5 Nb8 9. a4 Be7 10. Be2 O-O 11. O-O f5 12. f4 a6 13. Na3 Nd7 14. Kh1 Bf6 15. c3 Qe7 16. a5 exf4 17. Bxf4 Ne5 18. Nc4 Bd7 19. Nb6 Rae8 20. Bd3 g6 21. Qd2 Qd8 22. b4 Nxd3 23. Qxd3 Bb5 24. c4 Bxa1 25. Rxa1 Re4 26. Rf1 Be8 27. h3 g5 28. Bc1 Bg6 29. Bb2 Qe7 30. Qc3 Qe5 31. Qb3 Qe7 32. Qc3 Re5 33. c5 Re8 34. Nc4 dxc5 35. Qxe5 Qxe5 36. Bxe5 cxb4 37. d6 f4 38. d7 Rd8 39. Nb6 b3 40. Bf6 b2 41. Bxd8 Bd3 42. Rd1 b1=Q 43. Rxb1 Bxb1 44. Bf6 Bf5 45. d8=Q+ 1-0


[Site "https://www.chess.com"]

[Event "Titled Tuesday Blitz November 01 Early 2022"]
[White "Perez Rodriguez, Jennifer"]
[Black "Melikyan, Gnel"]
[WhiteFideId "3507831"]
[BlackFideId "54109990"]
[WhiteElo "2170"]
[BlackElo "2138"]
[Result "0-1"]
[Round "04"]
[TimeControl "180+1"]
[Date "2022.11.02"]
[WhiteClock "0:02:16"]
[BlackClock "0:02:03"]

1. e4 Nf6 2. Nc3 c6 3. d4 d6 4. Be3 e5 5. f3 Be7 6. a4 Be6 7. a5 Nbd7 8. d5 cxd5 9. exd5 Bf5 10. a6 b6 11. Bb5 O-O 12. Nge2 Rc8 13. Bc6 Nb8 14. Bb7 Rc7 15. Bxb6 Nxa6 16. Bxc7 Nxc7 17. Bc6 Qb8 18. O-O Qxb2 19. Rxa7 Qb6+ 0-1


[Site "https://www.chess.com"]

[Event "Titled Tuesday Blitz November 01 Early 2022"]
[White "Petrovic, Aleksa"]
[Black "Osinovsky, Stepan"]
[WhiteFideId "967629"]
[BlackFideId "4157354"]
[WhiteElo "2242"]
[BlackElo "2222"]
[Result "1-0"]
[Round "04"]
[TimeControl "180+1"]
[Date "2022.11.02"]
[WhiteClock "0:02:07"]
[BlackClock "0:01:00"]

1. e4 e5 2. Nf3 Nc6 3. Bc4 Nf6 4. d3 Be7 5. O-O d5 6. exd5 Nxd5 7. Re1 Bg4 8. h3 Bh5 9. g4 Bg6 10. Nxe5 Nxe5 11. Rxe5 Nb6 12. Qe1 f6 13. Re2 Nxc4 14. dxc4 Kf7 15. Nc3 h5 16. Nd5 Bd6 17. Bf4 hxg4 18. hxg4 Qd7 19. f3 c6 20. Rd1 Bxf4 21. Re7+ Kg8 22. Nxf6+ gxf6 23. Rdxd7 Rh7 24. Rxh7 Bxh7 25. Qe7 1-0


[Site "https://www.chess.com"]

[Event "Titled Tuesday Blitz November 01 Early 2022"]
[White "Pham, Khoi"]
[Black "Schut, Han"]
[WhiteFideId "1054988"]
[BlackFideId "1005561"]
[WhiteElo "2465"]
[BlackElo "2024"]
[Result "1-0"]
[Round "04"]
[TimeControl "180+1"]
[Date "2022.11.02"]
[WhiteClock "0:00:52"]
[BlackClock "0:00:05"]

1. e4 c5 2. Nf3 d6 3. Nc3 Nf6 4. e5 dxe5 5. Nxe5 Nbd7 6. d4 Nxe5 7. dxe5 Qxd1+ 8. Kxd1 Ng4 9. Bb5+ Bd7 10. Ke2 Nxe5 11. Rd1 O-O-O 12. Bf4 Bxb5+ 13. Nxb5 Nc6 14. Rxd8+ Kxd8 15. Rd1+ Kc8 16. a4 e5 17. Bg3 f6 18. c3 Be7 19. f4 exf4 20. Bxf4 Rd8 21. Re1 a6 22. Na3 Bd6 23. Bxd6 Rxd6 24. Kf1 Ne5 25. b4 Rd3 26. Rc1 Kc7 27. Ke2 Rd7 28. Nc2 Re7 29. Kf1 cxb4 30. cxb4 Nd3 31. Rd1 Ne5 32. Nd4 Kc8 33. Nf5 Rf7 34. Nd6+ Kc7 35. Nxf7 Nxf7 36. Ke2 Ne5 37. Ke3 Nc4+ 38. Kd4 Nd6 39. Kc5 Ne4+ 40. Kc4 Nd6+ 41. Kd5 Nf5 42. Rc1+ Kd7 43. b5 axb5 44. axb5 Ne3+ 45. Kd4 Nxg2 46. Rg1 Nf4 47. Rxg7+ Kd6 48. Rxb7 h5 49. Rb6+ Ke7 50. Rc6 Ne6+ 51. Kc4 Nd8 52. Rc7+ Kd6 53. b6 Ne6 54. Rc8 Nf4 55. b7 1-0


[Site "https://www.chess.com"]